MLB
TAMPA BAY RAYS @ LOS ANGELES ANGELS
08/22/2020
 
TOP OF THE 1ST
Tampa Bay Rays batting - Pitching for Los Angeles Angels : RHP Shaun Anderson
Pitching: RHP Shaun Anderson
Batting: LHB Brandon Belt 0-0: SINGLE (Groundball, 34S, EV 70.0 MPH) (infield hit)
Batting: RHB Starlin Castro 0-0: Called Strike
0-1: Foul Ball, location: 2F
0-2: Foul Ball, location: 2F
0-2: Ball
1-2: Ball
2-2: Ball
3-2: Strikes out looking
Batting: RHB Matt Chapman 0-0: Called Strike
0-1: 2-RUN HOME RUN (Flyball, 7D, EV 91.3 MPH), Distance : 385 ft
Batting: RHB Miguel Sano 0-0: Ball
1-0: Ball
2-0: Ball
3-0: Called Strike
3-1: Base on Balls
Batting: SHB Aaron Hicks 0-0: Swinging Strike
0-1: Foul Ball, location: 2F
0-2: Foul Ball, location: 2F
0-2: Ball
1-2: SINGLE (Groundball, 34S, EV 86.9 MPH) (infield hit)
Miguel Sano to second
Batting: RHB Mark Canha 0-0: Fly out, F6 (Flyball, 6D, EV 89.4 MPH)
Batting: LHB Mike Yastrzemski 0-0: Fly out, F8 (Line Drive, 8LD, EV 86.9 MPH)
Top of the 1st over - 2 runs, 3 hits, 0 errors, 2 left on base; Tampa Bay 2 - Los Angeles 0
BOTTOM OF THE 1ST
Los Angeles Angels batting - Pitching for Tampa Bay Rays : RHP Carlos Carrasco
Pitching: RHP Carlos Carrasco
Batting: RHB Francisco Pena 0-0: Ball
1-0: Ball
2-0: Ground out 5-3 (Groundball, 5, EV 87.5 MPH)
Batting: RHB Braden Bishop 0-0: Ball
1-0: Foul Ball, location: 2F
1-1: Swinging Strike
1-2: Strikes out swinging
Batting: RHB Brian Anderson 0-0: Called Strike
0-1: Ball
1-1: Fly out, F6 (Flyball, 56D, EV 90.6 MPH)
Bottom of the 1st over - 0 runs, 0 hits, 0 errors, 0 left on base; Tampa Bay 2 - Los Angeles 0
TOP OF THE 2ND
Tampa Bay Rays batting - Pitching for Los Angeles Angels : RHP Shaun Anderson
Batting: RHB Buster Posey 0-0: Ball
1-0: Foul Ball, location: 2F
1-1: Foul Ball, location: 2F
1-2: Foul Ball, location: 2F
1-2: Foul Ball, location: 2F
1-2: SINGLE (Groundball, 6MD, EV 103.8 MPH)
Batting: RHB Jose Iglesias 0-0: Ball
1-0: Called Strike
1-1: Grounds into double play, U6-3 (Groundball, 4M, EV 88.1 MPH)
Batting: LHB Brandon Belt 0-0: Swinging Strike
0-1: Ball
1-1: Ball
2-1: DOUBLE (Flyball, 8RXD, EV 108.1 MPH)
Batting: RHB Starlin Castro 0-0: Foul Ball, location: 2F
0-1: Ball
1-1: Ground out 5-3 (Groundball, 56S, EV 61.9 MPH)
Top of the 2nd over - 0 runs, 2 hits, 0 errors, 1 left on base; Tampa Bay 2 - Los Angeles 0
BOTTOM OF THE 2ND
Los Angeles Angels batting - Pitching for Tampa Bay Rays : RHP Carlos Carrasco
Batting: RHB Avisail Garcia 0-0: Foul Ball, location: 2F
0-1: Ball
1-1: Ball
2-1: Ball
3-1: Swinging Strike
3-2: Strikes out swinging
Batting: RHB Mikie Mahtook 0-0: Called Strike
0-1: Called Strike
0-2: Foul Ball, location: 2F
0-2: Foul Ball, location: 2F
0-2: Ball
1-2: Strikes out swinging
Batting: RHB Wil Myers 0-0: Called Strike
0-1: Ball
1-1: Called Strike
1-2: Strikes out swinging
Bottom of the 2nd over - 0 runs, 0 hits, 0 errors, 0 left on base; Tampa Bay 2 - Los Angeles 0
TOP OF THE 3RD
Tampa Bay Rays batting - Pitching for Los Angeles Angels : RHP Shaun Anderson
Batting: RHB Matt Chapman 0-0: Called Strike
0-1: Foul Ball, location: 2F
0-2: Ball
1-2: Foul Ball, location: 2F
1-2: Foul Ball, location: 2F
1-2: Ball
2-2: Ball
3-2: Foul Ball, location: 2F
3-2: SINGLE (Line Drive, 8RS, EV 93.1 MPH)
Batting: RHB Miguel Sano 0-0: Foul Ball, location: 2F
0-1: Ball
1-1: Ball
2-1: Foul Ball, location: 2F
2-2: Strikes out looking
Batting: SHB Aaron Hicks 0-0: Called Strike
0-1: Ball
1-1: Foul Ball, location: 2F
1-2: Foul Ball, location: 2F
1-2: Ball
2-2: Strikes out swinging
Batting: RHB Mark Canha 0-0: Ball
1-0: Fly out, F7 (Flyball, 7LS, EV 79.4 MPH)
Top of the 3rd over - 0 runs, 1 hit, 0 errors, 1 left on base; Tampa Bay 2 - Los Angeles 0
BOTTOM OF THE 3RD
Los Angeles Angels batting - Pitching for Tampa Bay Rays : RHP Carlos Carrasco
Batting: RHB Cameron Maybin 0-0: Foul Ball, location: 2F
0-1: Ball
1-1: Fly out, F5 (Popup, 5S, EV 81.3 MPH)
Batting: RHB Zack Cozart 0-0: Ball
1-0: Ball
2-0: Called Strike
2-1: Foul Ball, location: 2F
2-2: Ball
3-2: Base on Balls
Batting: SHB Ildemaro Vargas 0-0: Ball
1-0: Foul Ball, location: 2F
1-1: Foul Ball, location: 2F
1-2: Ball
2-2: SINGLE (Line Drive, 34, EV 98.1 MPH)
Zack Cozart to second
Batting: RHB Francisco Pena 0-0: Swinging Strike
0-1: Called Strike
0-2: Foul Ball, location: 2F
0-2: Strikes out swinging
Batting: RHB Braden Bishop 0-0: Ball
Wild Pitch!
Zack Cozart to third
Ildemaro Vargas to second
1-0: Ball
2-0: Ground out 3-1 (Groundball, 34, EV 103.1 MPH)
Bottom of the 3rd over - 0 runs, 1 hit, 0 errors, 2 left on base; Tampa Bay 2 - Los Angeles 0
TOP OF THE 4TH
Tampa Bay Rays batting - Pitching for Los Angeles Angels : RHP Shaun Anderson
Batting: LHB Mike Yastrzemski 0-0: Foul Ball, location: 2F
0-1: Swinging Strike
0-2: Foul Ball, location: 2F
0-2: Ball
1-2: Ball
2-2: Ball
3-2: Strikes out looking
Batting: RHB Buster Posey 0-0: Ball
1-0: Fly out, F9 (Flyball, 9LM, EV 86.3 MPH)
Batting: RHB Jose Iglesias 0-0: Ball
1-0: Ball
2-0: SINGLE (Groundball, 4MD, EV 103.8 MPH)
Pitching: RHP Luis Cessa
Batting: LHB Brandon Belt 0-0: Ball
1-0: Called Strike
1-1: Called Strike
1-2: Foul Ball, location: 2F
1-2: Ball
2-2: Ball
Jose Iglesias is caught stealing 2nd base 2-6
Top of the 4th over - 0 runs, 1 hit, 0 errors, 0 left on base; Tampa Bay 2 - Los Angeles 0
BOTTOM OF THE 4TH
Los Angeles Angels batting - Pitching for Tampa Bay Rays : RHP Carlos Carrasco
Batting: RHB Brian Anderson 0-0: Called Strike
0-1: SINGLE (Line Drive, 7S, EV 101.3 MPH)
Batting: RHB Avisail Garcia 0-0: Grounds into double play, 6-4-3 (Groundball, 6, EV 77.5 MPH)
Batting: RHB Mikie Mahtook 0-0: Called Strike
0-1: Foul Ball, location: 2F
0-2: Fly out, F6 (Flyball, 56D, EV 85.6 MPH)
Bottom of the 4th over - 0 runs, 1 hit, 0 errors, 0 left on base; Tampa Bay 2 - Los Angeles 0
TOP OF THE 5TH
Tampa Bay Rays batting - Pitching for Los Angeles Angels : RHP Luis Cessa
Batting: LHB Brandon Belt 0-0: Called Strike
0-1: Foul Ball, location: 2F
0-2: Strikes out swinging
Batting: RHB Starlin Castro 0-0: Ball
1-0: Called Strike
1-1: Ground out 6-3 (Groundball, 6, EV 106.3 MPH)
Batting: RHB Matt Chapman 0-0: Called Strike
0-1: Called Strike
0-2: Ball
1-2: Foul Ball, location: 2F
1-2: Strikes out looking
Top of the 5th over - 0 runs, 0 hits, 0 errors, 0 left on base; Tampa Bay 2 - Los Angeles 0
BOTTOM OF THE 5TH
Los Angeles Angels batting - Pitching for Tampa Bay Rays : RHP Carlos Carrasco
Batting: RHB Wil Myers 0-0: Ball
1-0: Ball
2-0: Called Strike
2-1: Swinging Strike
2-2: Strikes out swinging
Batting: RHB Cameron Maybin 0-0: Swinging Strike
0-1: Foul Ball, location: 2F
0-2: Ball
1-2: Strikes out looking
Batting: RHB Zack Cozart 0-0: Ball
1-0: Foul Ball, location: 2F
1-1: Foul Ball, location: 2F
1-2: Strikes out swinging
Bottom of the 5th over - 0 runs, 0 hits, 0 errors, 0 left on base; Tampa Bay 2 - Los Angeles 0
TOP OF THE 6TH
Tampa Bay Rays batting - Pitching for Los Angeles Angels : RHP Luis Cessa
Batting: RHB Miguel Sano 0-0: Swinging Strike
0-1: Ball
1-1: Swinging Strike
1-2: Foul Ball, location: 2F
1-2: Foul Ball, location: 2F
1-2: Strikes out swinging, 2-3 out at first.
Batting: SHB Aaron Hicks 0-0: Ball
1-0: SOLO HOME RUN (Flyball, 9D, EV 107.5 MPH), Distance : 401 ft
Batting: RHB Mark Canha 0-0: Ball
1-0: Foul Ball, location: 2F
1-1: SOLO HOME RUN (Line Drive, 7D, EV 98.1 MPH), Distance : 385 ft
Batting: LHB Mike Yastrzemski 0-0: Ball
1-0: DOUBLE (Line Drive, 5D, EV 95.0 MPH)
Pitching: RHP Sam Tuivailala
Batting: RHB Buster Posey 0-0: Ball
1-0: SINGLE (Line Drive, 56D, EV 101.9 MPH)
Mike Yastrzemski to third
Batting: RHB Jose Iglesias 0-0: Foul Ball, location: 2F
0-1: Ball
1-1: SINGLE (Line Drive, 8RS, EV 101.3 MPH)
Mike Yastrzemski scores
Buster Posey to second
Batting: LHB Brandon Belt 0-0: Called Strike
0-1: Called Strike
0-2: Strikes out swinging
Batting: RHB Starlin Castro 0-0: Swinging Strike
0-1: Called Strike
0-2: Ball
1-2: Strikes out looking
Top of the 6th over - 3 runs, 5 hits, 0 errors, 2 left on base; Tampa Bay 5 - Los Angeles 0
BOTTOM OF THE 6TH
Los Angeles Angels batting - Pitching for Tampa Bay Rays : RHP Carlos Carrasco
Batting: SHB Ildemaro Vargas 0-0: Called Strike
0-1: Ball
1-1: Ball
2-1: Ground out 6-3 (Groundball, 56, EV 104.4 MPH)
Batting: RHB Francisco Pena 0-0: Swinging Strike
0-1: Foul Ball, location: 2F
0-2: Strikes out swinging
Batting: RHB Braden Bishop 0-0: Foul Ball, location: 2F
0-1: Called Strike
0-2: Ball
1-2: Strikes out looking
Bottom of the 6th over - 0 runs, 0 hits, 0 errors, 0 left on base; Tampa Bay 5 - Los Angeles 0
TOP OF THE 7TH
Tampa Bay Rays batting - Pitching for Los Angeles Angels : RHP Sam Tuivailala
Batting: RHB Matt Chapman 0-0: Ball
1-0: Called Strike
1-1: Ball
2-1: Swinging Strike
2-2: Ball
3-2: SINGLE (Groundball, 56D, EV 95.0 MPH)
Batting: RHB Miguel Sano 0-0: Ball
1-0: Called Strike
1-1: Ball
2-1: Called Strike
2-2: Ball
3-2: Strikes out swinging
Batting: SHB Aaron Hicks 0-0: Ball
1-0: Called Strike
1-1: Ball
2-1: Ball
3-1: Base on Balls
Matt Chapman to second
Pitching: RHP Carlos Martinez
Batting: RHB Mark Canha 0-0: Called Strike
0-1: Ball
1-1: Swinging Strike
1-2: Foul Ball, location: 2F
1-2: Foul Ball, location: 2F
1-2: Strikes out looking
Batting: LHB Mike Yastrzemski 0-0: Called Strike
0-1: Ball
1-1: Foul Ball, location: 2F
1-2: Foul Ball, location: 2F
1-2: Foul Ball, location: 2F
1-2: Ball
Wild Pitch!
Matt Chapman to third
Aaron Hicks to second
2-2: Strikes out swinging
Top of the 7th over - 0 runs, 1 hit, 0 errors, 2 left on base; Tampa Bay 5 - Los Angeles 0
BOTTOM OF THE 7TH
Los Angeles Angels batting - Pitching for Tampa Bay Rays : RHP Carlos Carrasco
Batting: RHB Brian Anderson 0-0: SINGLE (Groundball, P, EV 85.6 MPH) (infield hit)
Batting: RHB Avisail Garcia 0-0: Swinging Strike
0-1: Ball
1-1: Ball
2-1: Foul Ball, location: 2F
2-2: Ball
3-2: Foul Ball, location: 2F
3-2: Strikes out looking
Batting: RHB Mikie Mahtook 0-0: Called Strike
0-1: Called Strike
0-2: Strikes out swinging
Brian Anderson steals 2nd base
Batter strikes out.
Batting: RHB Wil Myers 0-0: Called Strike
0-1: Foul Ball, location: 2F
0-2: Ball
1-2: Ball
2-2: Fly out, F6 (Line Drive, 6, EV 64.4 MPH)
Bottom of the 7th over - 0 runs, 1 hit, 0 errors, 1 left on base; Tampa Bay 5 - Los Angeles 0
TOP OF THE 8TH
Tampa Bay Rays batting - Pitching for Los Angeles Angels : RHP Carlos Martinez
Batting: RHB Buster Posey 0-0: SINGLE (Line Drive, 56, EV 98.8 MPH)
Batting: RHB Jose Iglesias 0-0: Ball
1-0: Fly out, F9 (Flyball, 9S, EV 80.0 MPH)
Batting: LHB Brandon Belt 0-0: Called Strike
0-1: Called Strike
0-2: Ball
1-2: 2-RUN HOME RUN (Flyball, 9D, EV 108.1 MPH), Distance : 382 ft
Batting: RHB Starlin Castro 0-0: TRIPLE (Flyball, 89XD, EV 95.6 MPH)
Batting: RHB Matt Chapman 0-0: Ball
1-0: SINGLE (Line Drive, 9S, EV 90.6 MPH)
Starlin Castro scores
Pitching: RHP Luis Angel Medina
Batting: RHB Miguel Sano 0-0: Ball
1-0: Ball
2-0: Swinging Strike
2-1: Ball
3-1: Foul Ball, location: 2F
3-2: Strikes out looking
Batting: SHB Aaron Hicks 0-0: Ball
1-0: Ball
2-0: Called Strike
2-1: Foul Ball, location: 2F
2-2: Ball
3-2: Fly out, F9 (Flyball, 89D, EV 93.1 MPH)
Top of the 8th over - 3 runs, 4 hits, 0 errors, 1 left on base; Tampa Bay 8 - Los Angeles 0
BOTTOM OF THE 8TH
Los Angeles Angels batting - Pitching for Tampa Bay Rays : RHP Carlos Carrasco
Pinch Hitting: LHB Corey Ray 0-0: Foul Ball, location: 2F
0-1: Fly out, F8 (Flyball, 8LM, EV 93.8 MPH)
Batting: RHB Zack Cozart 0-0: Called Strike
0-1: Ball
1-1: SINGLE (Groundball, 56D, EV 95.0 MPH)
Batting: SHB Ildemaro Vargas 0-0: Reached on error, E3 (Groundball, 3L, EV 91.9 MPH)
Zack Cozart to second
Pitching: RHP Michael Fulmer
Batting: RHB Francisco Pena 0-0: Called Strike
0-1: SINGLE (Groundball, 6D, EV 104.4 MPH)
Zack Cozart to third
Ildemaro Vargas to second
Runner from 3rd tries for Home, SAFE, throw by LF to home
Batting: RHB Braden Bishop 0-0: Foul Ball, location: 2F
0-1: Ball
1-1: Hit by Pitch
Ildemaro Vargas to third
Francisco Pena to second
Pinch Hitting: SHB Yolmer Sanchez 0-0: Called Strike
0-1: Swinging Strike
0-2: Strikes out looking
Batting: RHB Avisail Garcia 0-0: Called Strike
0-1: Swinging Strike
0-2: Fielders Choice at 2nd, 5-4 (Groundball, 5, EV 84.4 MPH)
Bottom of the 8th over - 1 run, 2 hits, 1 error, 3 left on base; Tampa Bay 8 - Los Angeles 1
TOP OF THE 9TH
Tampa Bay Rays batting - Pitching for Los Angeles Angels : RHP Luis Angel Medina
Now at 3B: Yolmer Sanchez
Now in RF: Corey Ray
Batting: RHB Mark Canha 0-0: Called Strike
0-1: Swinging Strike
0-2: Foul Ball, location: 2F
0-2: Ball
1-2: Strikes out swinging
Pitching: RHP Jonathan Holder
Batting: LHB Mike Yastrzemski 0-0: Called Strike
0-1: Foul Ball, location: 2F
0-2: Strikes out swinging
Batting: RHB Buster Posey 0-0: Ball
1-0: Called Strike
1-1: Ball
2-1: Foul Ball, location: 2F
2-2: Foul Ball, location: 2F
2-2: Ground out 5-3 (Groundball, 5, EV 86.3 MPH)
Top of the 9th over - 0 runs, 0 hits, 0 errors, 0 left on base; Tampa Bay 8 - Los Angeles 1
BOTTOM OF THE 9TH
Los Angeles Angels batting - Pitching for Tampa Bay Rays : RHP Michael Fulmer
Batting: RHB Mikie Mahtook 0-0: Swinging Strike
0-1: Foul Ball, location: 2F
0-2: Foul Ball, location: 2F
0-2: SINGLE (Groundball, 56D, EV 102.5 MPH)
Batting: RHB Wil Myers 0-0: Called Strike
0-1: Foul Ball, location: 2F
0-2: Ball
1-2: Foul Ball, location: 2F
1-2: Strikes out swinging
Pitching: RHP Trevor Oaks
Batting: LHB Corey Ray 0-0: Ball
1-0: Foul Ball, location: 2F
1-1: Swinging Strike
1-2: Ball
2-2: Strikes out swinging
Batting: RHB Zack Cozart 0-0: Called Strike
0-1: Foul Ball, location: 2F
0-2: Ball
1-2: Ground out 6-3 (Groundball, 6S, EV 81.3 MPH)
Bottom of the 9th over - 0 runs, 1 hit, 0 errors, 1 left on base; Tampa Bay 8 - Los Angeles 1
Wednesday, October 21st, 2020 - OOTP Baseball 21.6 Build 83